 Dungeon Crawl Stone Soup version 0.20-a0-266-gdedccd6 (webtiles) character file.

70 Hercules the Insei (level 4, 19/35 HPs)
             Began as a Demonspawn Monk on Dec 6, 2016.
             Quit the game on level 2 of the Dungeon.
             The game lasted 00:01:36 (1228 turns).

Hercules the Insei (Demonspawn Monk)                Turns: 1228, Time: 00:01:37

Health: 19/35      AC:  5    Str: 11 (13) XL:     4   Next: 4%
Magic:  4/4        EV: 13    Int: 11      God:
Gold:   20         SH:  0    Dex: 14 (15) Spells: 3/3 levels left

rFire  . . .     SeeInvis .       - Unarmed
rCold  . . .     Gourm    .     a - +0 robe
rNeg   . . .     Faith    .     (no shield)
rPois  .         Spirit   .     (no helmet)
rElec  .         Reflect  .     g - +2 cloak
rCorr  .         Harm     .     (no gloves)
MR     .....                    (no boots)
Stlth  ++........               (no amulet)
                                (no ring)
                                (no ring)

@: no status effects
A: hooves 1, powered by death 1
a: no special abilities


You were on level 2 of the Dungeon.
You were very hungry.

You visited 1 branch of the dungeon, and saw 2 of its levels.

You collected 20 gold pieces.

Inventory:

Armour
 a - a +0 robe (worn)
 g - a +2 cloak (worn)
Scrolls
 c - a scroll of remove curse {unknown}
 d - 3 scrolls of identify {unknown}
 e - a scroll of recharging {unknown}
 h - a scroll of enchant weapon {unknown}
Potions
 f - 2 potions of curing
Comestibles
 b - a bread ration


   Skills:
 - Level 3.0 Fighting
 - Level 2.6 Dodging
 - Level 1.7 Stealth
 + Level 4.4 Unarmed Combat


You had 3 spell levels left.
You didn't know any spells.

Dungeon Overview and Level Annotations

Branches:
Dungeon (2/15)

Altars:


Innate Abilities, Weirdness & Mutations

You have large cloven feet.
You regenerate a little health from kills.


Message History

Terence is heavily wounded.
Terence hits you but does no damage.
You hit Terence but do no damage. You punch Terence.
Terence is severely wounded.
You hit Terence but do no damage.
Terence is severely wounded.
Terence hits you but does no damage.
You closely miss Terence.
Terence is severely wounded.
Terence hits you with a falchion.
You hit Terence.
Terence is almost dead.
Terence closely misses you.
You hit Terence but do no damage. You punch Terence.
You kill Terence!
You feel your dexterity returning.
You have reached level 4!
You feel stronger.
Your demonic ancestry asserts itself...
Your feet thicken and deform.
Are you sure you want to abandon this character and quit the game? (Confirm with "yes".)

#. #. ######.######
............#######
....$.............#
#####..###.#####.# #..# #.#
#.# #.?# #.# #.# #.@# #.#
#.# #.)# #.# #.# .#..#
##..# #.# #.# #.......#..#
#.# #.# ###.#........# #.#
#.# .. ......##.#..# #.#
#.# #. ##.##.##.#..# #.#
#.# #.. #.....##.#..#
#.#####.#
#...#...........###.......#


There were no monsters in sight!

Vanquished Creatures
  Terence (D:2)
  An ooze (D:1)
  A dart slug (D:1)
  A leopard gecko (D:1)
  A giant cockroach (D:1)
  5 goblins
  4 hobgoblins
  3 jackals (D:1)
  7 kobolds
  4 bats (D:1)
  6 frilled lizards (D:1)
  4 rats
38 creatures vanquished.

Notes
Turn   | Place    | Note
-------+----------+-------------------------------------------
     0 | D:1      | Hercules the Demonspawn Monk began the quest for the Orb.
     0 | D:1      | Reached XP level 1. HP: 18/18 MP: 1/1
   197 | D:1      | Reached skill level 3 in Unarmed Combat
   435 | D:1      | Gained mutation: You regenerate a little health from kills. [demonic ancestry]
   435 | D:1      | Reached XP level 2. HP: 22/24 MP: 2/2
   877 | D:1      | Reached XP level 3. HP: 29/29 MP: 3/3
  1023 | D:1      | Reached skill level 4 in Unarmed Combat
  1208 | D:2      | Noticed Terence
  1227 | D:2      | Killed Terence
  1227 | D:2      | Gained mutation: You have large cloven feet. [demonic ancestry]
  1227 | D:2      | Reached XP level 4. HP: 18/35 MP: 4/4
  1228 | D:2      | Quit the game

Vault maps used:
D:1:      eino_arrival_tree_alley
D:2:      lemuel_upstairs_altar, amethyst_overflow_temple_binary, uniq_terence

Skill      XL: |  1  2  3 |
---------------+----------+-----
Unarmed Combat | 3 4 |  4.4
Fighting       | |  3.0
Dodging        | |  2.6
Stealth        | |  1.7

Action                   |  1- 3 |  4- 6 || total
-------------------------+-------+-------++-------
Melee: Unarmed           |   153 |       ||   153
       Punch             |     4 |       ||     4
  Use: Potion            |     4 |       ||     4
 Stab: Sleeping          |     3 |       ||     3
Armor: Robe              |    37 |       ||    37
Dodge: Dodged            |   103 |       ||   103
